 Dungeon Crawl Stone Soup version 0.22-a0-608-g8a62e23 (webtiles) character file.

178 kae the Slasher (level 5, 0/47 HPs)
             Began as a Minotaur Berserker on July 9, 2018.
             Was a Believer of Trog.
             Killed by nerve-wracking pain
             ... invoked by Grinder
              (9 damage)
             ... while paralysed by Grinder
             ... on level 3 of the Dungeon.
             The game lasted 00:01:22 (2229 turns).

kae the Slasher (Minotaur Berserker)                Turns: 2229, Time: 00:01:22

Health: 0/47       AC:  4    Str: 22    XL:     5   Next: 32%
Magic:  4/4        EV:  2    Int:  4    God:    Trog [**....]
Gold:   179        SH:  0    Dex: 10    Spells: 4/4 levels left

rFire    . . .     SeeInvis .   a - +0 falchion
rCold    . . .     Gourm    .   j - +0 buckler
rNeg     . . .     Faith    .   b - +0 animal skin
rPois    .         Spirit   .   (helmet restricted)
rElec    .         Reflect  .   u - +1 cloak
rCorr    .         Harm     .   (no gloves)
MR       .....                  (no boots)
Stlth    +.........             (no amulet)
HPRegen  0.15/turn              (no ring)
MPRegen  0.09/turn              (no ring)

@: paralysed, berserk cooldown, slowed
A: retaliatory headbutt, horns 2
a: Berserk, Trog's Hand, Renounce Religion


You were on level 3 of the Dungeon.
You worshipped Trog.
Trog was pleased with you.
You were very hungry.

You visited 1 branch of the dungeon, and saw 3 of its levels.

You collected 179 gold pieces.

Inventory:

Hand Weapons
 a - a +0 falchion (weapon)
Armour
 b - a +0 animal skin (worn)
 j - a +0 buckler (worn)
 u - a +1 cloak (worn)
Jewellery
 d - an uncursed ring of protection from cold {unknown}
 q - a cursed ring of wizardry {unknown}
 s - a cursed -4 ring of protection {unknown}
Scrolls
 e - a scroll of teleportation {unknown}
 f - a scroll of noise {unknown}
 g - 2 scrolls of identify {unknown}
 h - a scroll of enchant armour {unknown}
 i - a scroll of fear {unknown}
 k - 2 scrolls of random uselessness {unknown}
 n - a scroll of fog {unknown}
 r - a scroll of remove curse {unknown}
Potions
 l - a potion of berserk rage {unknown}
 m - a potion of degeneration {unknown}
 o - a potion of flight {unknown}
 p - a potion of lignification {unknown}
Comestibles
 c - 5 rations
 t - 3 chunks of flesh


   Skills:
 + Level 4.4 Fighting
 * Level 5.1 Long Blades
 + Level 3.5 Armour
 + Level 3.2 Dodging
 + Level 2.0 Shields


You had 4 spell levels left.
You didn't know any spells.
Your spell library was empty.

Dungeon Overview and Level Annotations

Branches:
Dungeon (3/15)

Altars:
Okawaru
Sif Muna

Annotations:
D:3 Grinder


Innate Abilities, Weirdness & Mutations

You reflexively headbutt those who attack you in melee.
You have a pair of horns on your head.


Message History

Trog accepts your kill.
Grinder blinks!
Grinder hits you but does no damage. Grinder hits you.
You writhe in agony.
You see here 17 gold pieces.
You hit Grinder.
Grinder is almost dead.
Grinder gestures at you. Pain shoots through your body!
* * * LOW HITPOINT WARNING * * *
You barely miss Grinder. You headbutt Grinder, but do no damage.
Grinder is almost dead.
Grinder hits you.
* * * LOW HITPOINT WARNING * * *
You writhe in agony.
* * * LOW HITPOINT WARNING * * *
Grinder gestures at you.
You suddenly lose the ability to move!
Grinder gestures at you. Pain shoots through your body!
You die...

.......)##
.....†...######
#.............## .#
.....))..####>.# #.#
........)..###.## ..
#.......##...#..###.#
#..>....####..#.....#
######......#...##..#
###.####.###.@...#
.........# ###5.##
........)# #.##
......).....##.#
........###.##.#
........# ##.#
..####### ... . ..$
...


You could see Grinder.

Vanquished Creatures
  Crazy Yiuf (D:2)
  3 orc priests (D:3)
  An adder (D:2)
  2 worms (D:2)
  A dart slug (D:1)
  A leopard gecko (D:2)
  An orc (D:3)
  2 giant cockroaches
  16 goblins
  3 hobgoblins
  2 quokkas (D:2)
  3 bats (D:2)
  2 frilled lizards
  A kobold (D:1)
  6 rats
45 creatures vanquished.

Notes
Turn   | Place    | Note
-------+----------+-------------------------------------------
     0 | D:1      | kae the Minotaur Berserker began the quest for the Orb.
     0 | D:1      | Reached XP level 1. HP: 19/19 MP: 0/0
   113 | D:1      | Found an iron altar of Okawaru.
   605 | D:1      | Reached XP level 2. HP: 27/27 MP: 1/1
   744 | D:1      | Reached skill level 4 in Long Blades
  1036 | D:1      | You fall through a shaft!
  1266 | D:2      | Reached XP level 3. HP: 32/33 MP: 2/2
  1651 | D:2      | Found a runed door.
  1723 | D:2      | Found a deep blue altar of Sif Muna.
  1775 | D:2      | Noticed Crazy Yiuf
  1779 | D:2      | Killed Crazy Yiuf
  1779 | D:2      | Reached ** piety under Trog
  1779 | D:2      | Reached skill level 1 in Shields
  1779 | D:2      | Reached XP level 4. HP: 40/40 MP: 3/3
  2010 | D:3      | Reached skill level 5 in Long Blades
  2014 | D:3      | Reached XP level 5. HP: 47/47 MP: 4/4
  2209 | D:3      | Noticed Grinder
  2213 | D:3      | Paralysed by Grinder for 2 turns
  2228 | D:3      | Paralysed by Grinder for 7 turns
  2229 | D:3      | Killed from afar by Grinder

Vault maps used:
D:1:      dpeg_arrival_rooms_b, okawaru_ov_weapons_minmay
D:2:      lemuel_blue_sif_altar, uniq_crazy_yiuf_cottage
D:3:      nicolae_overflow_hidden_temple, uniq_robin, uniq_grinder

Skill      XL: |  1  2  3  4  5 |
---------------+----------------+-----
Long Blades    | 4 5 |  5.1
Fighting       | 4 |  4.4
Armour         | 3 |  3.5
Shields        | 1 2 |  2.0
Dodging        | 3 |  3.2

Action                   |  1- 3 |  4- 6 || total
-------------------------+-------+-------++-------
Melee: Falchion          |    52 |    35 ||    87
       Headbutt          |    17 |     8 ||    25
Invok: Berserk           |     2 |     3 ||     5
  Eat: Chunk             |     3 |     4 ||     7
Armor: Animal skin       |     5 |    10 ||    15
Dodge: Dodged            |    23 |    25 ||    48
Block: Buckler           |     7 |     7 ||    14
       Rpst.: Falchion   |     8 |    11 ||    19

Table legend:
 A = Spawn XP
 B = Non-spawn XP
 C = Spawn XP percentage of total XP
 D = Spawn monster count
 E = Non-spawn monster count
 F = Spawn count percentage of total count
 G = Total turns spent on level
                    A         B        C        D         E        F      G
               +---------+---------+-------+---------+---------+-------+---------
         Total |       0 |     255 |   0.0 |       0 |      45 |   0.0 |  2229
               +---------+---------+-------+---------+---------+-------+---------
           D:1 |       0 |      16 |   0.0 |       0 |       9 |   0.0 |  1036
           D:2 |       0 |      91 |   0.0 |       0 |      19 |   0.0 |  1088
           D:3 |       0 |     148 |   0.0 |       0 |      17 |   0.0 |   105
               +---------+---------+-------+---------+---------+-------+---------
